 Dungeon Crawl Stone Soup version 0.31-a0-263-ge8cad7f256 (webtiles) character file.

Game seed: 1338444486995186568

7022 Iniera the Nimble (level 10, 0/76 HPs)
             Began as a Vampire Monk on July 14, 2023.
             Was an Elder of Qazlal.
             Slain by an ettin
             ... wielding a +0 dire flail
              (30 damage)
             ... on level 1 of the Orcish Mines.
             The game lasted 00:11:38 (6877 turns).

Iniera the Nimble (Vampire Monk)                    Turns: 6877, Time: 00:11:38

Health: 0/76       AC: 10    Str: 10    XL:     10   Next: 82%
Magic:  14/14      EV: 20    Int: 14    God:    Qazlal [****..]
Gold:   322        SH:  5    Dex: 24    Spells: 9/9 levels left

rFire   . . .        t - +7 sling of Outrage {drain, Dex+4}
rCold   . . .        d - orb {light}
rNeg    . . .        k - +0 troll leather armour {Pargi}
rPois   +            h - +0 helmet
rElec   .            m - +1 cloak {Will+}
rCorr   +            q - +0 pair of gloves
SInv    +            D - +0 pair of boots
Will    ++...        (no amulet)
Stlth   +            r - ring of resist corrosion
HPRegen 1.32/turn    G - ring of poison resistance
MPRegen 0.14/turn

%: repel missiles
@: healing quickly, glowing
A: alive, fangs 3, see invisible, vampiric 2
a: Exsanguinate, Renounce Religion, Upheaval, Elemental Force


You were on level 1 of the Orcish Mines.
You worshipped Qazlal.
Qazlal was greatly pleased with you.
You visited 2 branches of the dungeon, and saw 11 of its levels.

You collected 632 gold pieces.
You spent 310 gold pieces at shops.

Inventory:

Hand Weapons
 i - a +1 hand axe of flaming
 t - the +7 sling of Outrage (weapon) {drain, Dex+4}
   (You found it on level 4 of the Dungeon)

   Dex:       It affects your dexterity (+4).
 E - a +3 scimitar
Missiles
 u - a throwing net
Armour
 d - an orb of light (worn)
 h - a +0 helmet (worn)
 k - a +0 troll leather armour (worn) {Pargi}
 m - a +1 cloak of willpower (worn)
 q - a +0 pair of gloves (worn)
 D - a +0 pair of boots (worn)
Jewellery
 r - a ring of resist corrosion (left hand)
 G - a ring of poison resistance (right hand)
Wands
 a - a wand of flame (18)
 x - a wand of acid (11)
Scrolls
 f - 4 scrolls of teleportation
 o - a scroll of enchant weapon
 s - 3 scrolls of fear
 y - 4 scrolls of blinking
 B - a scroll of immolation
Potions
 c - 2 potions of ambrosia
 e - 2 potions of resistance
 g - 3 potions of mutation
 j - 4 potions of curing
 l - 2 potions of berserk rage {unknown}
 n - 2 potions of might {unknown}
 p - a potion of lignification
 w - 3 potions of heal wounds {unknown}
 z - 4 potions of degeneration {unknown}


   Skills:
 + Level 5.8 Fighting
 - Level 6.5 Long Blades
 * Level 6.7 Ranged Weapons
 + Level 3.2 Armour
 * Level 11.0 Dodging
 + Level 5.5 Invocations


You had 9 spell levels left.
You didn't know any spells.
Your spell library contained the following spells:

 Spells                   Type           Power      Damage    Failure   Level
 Freeze                   Ice            0%         1d3       36%         1
 Magic Dart               Conj           0%         1d3       36%         1
 Sandblast                Erth           0%         2d4       36%         1
 Sting                    Tmut/Pois      0%         1d3       36%         1
 Cigotuvi's Dreadful Rot  Necr/Pois/Air  0%         N/A       50%         2
 Passwall                 Tmut/Erth      0%         N/A       50%         2
 Poisonous Vapours        Pois/Air       0%         N/A       50%         2
 Searing Ray              Conj           0%         2d4       50%         2
 Wereblood                Tmut           0%         N/A       50%         2
 Frozen Ramparts          Ice            0%         1d1       75%         3
 Hailstorm                Conj/Ice       0%         3d3       75%         3
 Ignite Poison            Fire/Tmut/Pois 0%         N/A       75%         3
 Portal Projectile        Hex/Tloc       0%         N/A       75%         3
 Stone Arrow              Conj/Erth      0%         3d7       75%         3
 Tukima's Dance           Hex            0%         N/A       75%         3
 Animate Armour           Summ/Erth      0%         N/A       98%         4
 Fulminant Prism          Conj/Hex       0%         3d5       98%         4
 Iskenderun's Mystic Bla  Conj/Tloc      0%         2d3       98%         4
 Olgreb's Toxic Radiance  Pois           0%         N/A       98%         4
 Petrify                  Tmut/Erth      0%         N/A       98%         4
 Freezing Cloud           Conj/Ice/Air   0%         6-21      100%        5
 Metabolic Englaciation   Hex/Ice        0%         N/A       100%        5
 Shatter                  Erth           0%         3d5*      100%        9


Dungeon Overview and Level Annotations

Branches:
Dungeon (9/15)             Temple (0/1) D:7             Orc (2/2) D:9
   Lair: D:8-11         Elf: Orc:2

Altars:
Qazlal
Trog

Shops:
D:8 (


Innate Abilities, Weirdness & Mutations

Your natural rate of healing is accelerated.
You have razor-sharp teeth.
You have supernaturally acute eyesight. (SInv)
You are afflicted with vampirism and can become a bat while bloodless.


Message History

Qazlal accepts your kill.
The orc warrior shoots an arrow.
You block the arrow.
You shoot a sling bullet. The sling bullet hits the orc warrior!
You drain the orc warrior.
You kill the orc warrior!
Qazlal accepts your kill.
No target in view!
No target in view!
No target in view!
No target in view!
No target in view!
No target in view!
No target in view!
No target in view!
No target in view!
No target in view!
No target in view!
No target in view!
No target in view!
No target in view!
No target in view!
No target in view!
No target in view!
There is a stone staircase leading up here.
You climb upwards.
The ettin shouts in stereo!
There is a stone staircase leading down here.
An ettin is nearby!
An ettin is nearby!
You shoot a sling bullet. The sling bullet hits the ettin.
You drain the ettin.
The ettin is lightly wounded.
The ettin closely misses you. You block the ettin's attack.
You shoot a sling bullet. The sling bullet hits the ettin.
The ettin is lightly wounded.
The ettin closely misses you.
The ettin hits you with a +0 great mace.
The ettin hits you with a +0 dire flail!!!
Ouch! That really hurt!
The ettin hits you with a +0 great mace!!
You die...

#... ..#.
.... . ...
#..##.....
##..#......
#....#.....
#....○.....
#..○......
#.@○......
##.C.###..
..§§#
##....#
....##
.....
......
#.##....


You could see an ettin (drained).

Vanquished Creatures
  Pikel (D:5)
  A kobold demonologist (D:9)
  2 trolls
  Grinder (D:3)
  Sigmund (D:3)
  7 yaks
  Eustachio (D:5)
  2 wyverns
  Menkaure (D:4)
  A steam dragon (D:7)
  A water moccasin (D:7)
  Duvessa (D:5)
  2 ice beasts
  Pargi (D:4)
  3 orc warriors
  An ogre (D:6)
  3 black bears (D:5)
  2 phantoms (D:6)
  2 lemures (D:5)
  A kobold brigand (D:9)
  3 bullfrogs
  6 scorpions
  12 wights
  Dowan (D:5)
  2 howler monkeys
  3 jellies
  4 hounds
  4 orc priests
  A gnoll bouda (D:9)
  Crazy Yiuf (D:5)
  Jessica (D:2)
  Natasha (thrice) (D:2)
  3 iguanas
  3 sleepcaps
  10 orc wizards
  9 gnolls
  6 adders
  4 white imps (D:5)
  5 ufetubi
  2 worms
  A dart slug (D:3)
  33 orcs
  6 ball pythons
  8 bats
  9 endoplasms
  3 giant cockroaches
  6 goblins
  8 hobgoblins
  4 quokkas
  5 frilled lizards
  8 kobolds
  10 rats
219 creatures vanquished.

Notes
Turn   | Place    | Note
-------+----------+-------------------------------------------
     0 | D:1      | Iniera the Vampire Monk began the quest for the Orb.
     0 | D:1      | Reached XP level 1. HP: 17/17 MP: 1/1
   100 | D:1      | Reached XP level 2. HP: 21/23 MP: 2/2
   408 | D:2      | Noticed Jessica
   410 | D:2      | Killed Jessica
   410 | D:2      | Noticed Natasha
   411 | D:2      | Gained mutation: You are afflicted with vampirism and can
                  | become a bat while bloodless. [Vampire growth]
   411 | D:2      | Reached XP level 3. HP: 29/29 MP: 3/3
   417 | D:2      | Killed Natasha
   418 | D:2      | Reached XP level 4. HP: 24/35 MP: 4/4
   539 | D:2      | Noticed Natasha
   546 | D:2      | Killed Natasha
   547 | D:2      | Reached skill level 4 in Dodging
   696 | D:2      | Noticed Natasha
   703 | D:2      | Killed Natasha
   710 | D:2      | Reached XP level 5. HP: 38/41 MP: 5/5
   788 | D:2      | Got the Catalogue of Dusty Therianthropy
  1055 | D:3      | Noticed Grinder
  1065 | D:3      | Killed Grinder
  1066 | D:3      | Reached skill level 5 in Long Blades
  1066 | D:3      | Reached XP level 6. HP: 23/48 MP: 6/6
  1347 | D:3      | Noticed Sigmund
  1362 | D:3      | Killed Sigmund
  1363 | D:3      | Reached skill level 5 in Dodging
  1363 | D:3      | Reached XP level 7. HP: 18/54 MP: 7/7
  2070 | D:4      | Noticed Pargi
  2082 | D:4      | Killed Pargi
  2083 | D:4      | Reached skill level 6 in Dodging
  2083 | D:4      | Reached skill level 1 in Invocations
  2627 | D:4      | Identified the +7 sling of Outrage {drain, Dex+4}
  2836 | D:5      | Entered Level 5 of the Dungeon
  2842 | D:5      | Noticed Menkaure
  2889 | D:4      | Killed Menkaure
  2890 | D:4      | Reached skill level 1 in Ranged Weapons
  2890 | D:4      | Reached XP level 8. HP: 41/60 MP: 9/9
  2942 | D:5      | Found a runed translucent door.
  2943 | D:5      | Noticed Crazy Yiuf
  3004 | D:5      | Reached skill level 7 in Dodging
  3022 | D:5      | Noticed Pikel
  3033 | D:5      | Killed Pikel
  3034 | D:5      | Reached skill level 8 in Dodging
  3093 | D:5      | Noticed Dowan
  3101 | D:5      | Killed Dowan
  3131 | D:5      | Found a bloodstained altar of Trog.
  3139 | D:5      | Found a stormy altar of Qazlal.
  3142 | D:5      | Noticed Duvessa
  3160 | D:5      | Killed Duvessa
  3172 | D:5      | Reached XP level 9. HP: 38/65 MP: 11/11
  3209 | D:5      | Became a worshipper of Qazlal Stormbringer
  3209 | D:5      | Reached * piety under Qazlal
  3209 | D:5      | Reached ** piety under Qazlal
  3242 | D:5      | Noticed Eustachio
  3254 | D:5      | Killed Eustachio
  3625 | D:5      | Killed Crazy Yiuf
  3626 | D:5      | Reached skill level 9 in Dodging
  3830 | D:6      | Reached skill level 5 in Ranged Weapons
  3830 | D:6      | Reached skill level 1 in Armour
  3847 | D:6      | Reached *** piety under Qazlal
  4036 | D:6      | Identified the +6 trident of Starshine {speed, *Noise rPois
                  | Str+8 Int+9 Dex-5}
  4478 | D:7      | Reached XP level 10. HP: 52/73 MP: 13/13
  4562 | D:7      | Reached skill level 5 in Fighting
  4562 | D:7      | Reached skill level 10 in Dodging
  4650 | D:7      | Found a staircase to the Ecumenical Temple.
  5403 | D:8      | Found Jeish's Antique Weapon Shop.
  5434 | D:8      | Reached skill level 5 in Invocations
  6088 | D:8      | Bought a masterwork great sword for 310 gold pieces
  6088 | D:8      | Identified the +6 great sword "Lyukaech" {pain, Int+2} (You
                  | bought it in a shop on level 8 of the Dungeon)
  6193 | D:9      | Noticed a sixfirhy
  6203 | D:9      | Noticed an orange demon
  6280 | D:9      | Reached **** piety under Qazlal
  6309 | D:9      | Found a staircase to the Orcish Mines.
  6704 | Orc:1    | Entered Level 1 of the Orcish Mines
  6727 | Orc:1    | Reached skill level 11 in Dodging
  6841 | Orc:2    | Entered Level 2 of the Orcish Mines
  6875 | Orc:1    | Noticed an ettin
  6877 | Orc:1    | Slain by an ettin

Illustrated notes

Levels and vault maps discovered:
D:1:      wander_arrival_lonely_grave, layout_basic
D:2:      layout_loops_ring, minmay_tetromino_o2, uniq_natasha, uniq_jessica
D:3:      layout_basic, uniq_sigmund, uniq_grinder
D:4:      layout_cave_pools, amethyst_killhole, kennysheep_cross_room,
          uniq_pargi
D:5:      layout_rooms, grunt_temple_overflow_open, kennysheep_generic_room_14,
          uniq_crazy_yiuf_cottage, uniq_eustachio, uniq_duvessa, uniq_menkaure,
          uniq_pikel
D:6:      layout_basic, minmay_bent
D:7:      layout_basic, minmay_temple_entry_sparse_star, minmay_curled_crystal
D:8:      layout_loops_ring, nicolae_inconvenience_store,
          hangedman_abyss_or_decor_stagger, grunt_decor_mini_mirrors,
          nicolae_the_louvre
D:9:      layout_roguey, orc_0_dummy
Orc:1:    layout_caves
Orc:2:    grunt_orc_cross, layout_caves, serial_shops, shop

Skill      XL: |  1  2  3  4  5  6  7  8  9 10 |
---------------+-------------------------------+-----
Fighting       | 3 4 5 |  5.8
Long Blades    | 4 5 6 |  6.5
Dodging        | 4 5 6 8 9 11 | 11.0
Invocations    | 2 3 4 5 |  5.5
Ranged Weapons | 1 3 5 6 |  6.7
Armour         | 1 3 |  3.2

Action                     |  1- 3 |  4- 6 |  7- 9 | 10-12 || total
---------------------------+-------+-------+-------+-------++-------
  Melee: Falchion          |    43 |    91 |   146 |       ||   280
         Bite              |     4 |    16 |    30 |       ||    50
   Fire: Sling             |       |       |   242 |   175 ||   417
    Use: Scroll            |       |     5 |     4 |     9 ||    18
         Potion            |       |       |     2 |       ||     2
   Stab: Distracted        |     1 |       |       |       ||     1
         Sleeping          |       |     1 |       |       ||     1
 Armour: Robe              |     7 |    21 |    22 |       ||    50
         Troll leather arm |       |       |    48 |    11 ||    59
         Skin              |       |       |     3 |       ||     3
  Dodge: Dodged            |    38 |    67 |   283 |    54 ||   442
  Block: Orb               |       |       |    10 |    11 ||    21

Table legend: (Time is in decaauts)
 A = Elapsed time spent in this place.
 B = Non-inter-level travel time spent in this place.
 C = Inter-level travel time spent in this place.
 D = Time resting spent in this place.
 E = Time spent auto-exploring this place.
 F = Levels seen in this place.
 G = Mean time per level.
                   A        B        C        D        E       F      G
               +--------+--------+--------+--------+--------+-----+--------+
         Total |   6972 |   6551 |    421 |    208 |   4853 |  11 |  633.8 |
       Dungeon |   6797 |   6390 |    407 |    208 |   4729 |   9 |  755.2 |
  Orcish Mines |    174 |    161 |     13 |      0 |    124 |   2 |   87.0 |
               +--------+--------+--------+--------+--------+-----+--------+

Top non-repeatable levels by time:
     D:7: 983 daAuts
     D:4: 944 daAuts
     D:8: 855 daAuts
     D:5: 840 daAuts
     D:3: 823 daAuts
     D:2: 719 daAuts
     D:6: 679 daAuts
     D:9: 542 daAuts
     D:1: 408 daAuts
   Orc:1: 139 daAuts
   Orc:2: 34 daAuts
